 Dungeon Crawl Stone Soup version 0.30-a0-568-g124715a40b (webtiles) character file.

Game seed: 2217564708160668806

698 Sabo the Covered (level 7, -1/62 HPs)
             Began as an Armataur Fighter on Dec 28, 2022.
             Was an Initiate of Ashenzari.
             Succumbed to a scorpion's poison
             ... on level 5 of the Dungeon.
             The game lasted 00:25:23 (4944 turns).

Sabo the Covered (Armataur Fighter)                 Turns: 4944, Time: 00:25:24

Health: -1/62      AC: 19    Str: 23    XL:     7   Next: 38%
Magic:  7/7        EV:  6    Int:  9    God:    Ashenzari [......]
Gold:   228        SH:  0    Dex:  9    Spells: 6/6 levels left

rFire   . . .      SeeInvis .    d - +2 scythe (protect)
rCold   . . .      Faith    .    (shield currently unavailable)
rNeg    . . .      Spirit   .    y - +0 chain mail
rPois   .          Reflect  .    k - +2 helmet "Overhang to Understand" {Comp, Melee} (curse)
rElec   .          Harm     .    (no cloak)
rCorr   .          Roll     +    (no gloves)
Will    .....                    (no barding) Stlth
                                 (no amulet)
HPRegen 0.30/turn                (no ring)
MPRegen 0.10/turn                (no ring)

@: lethally poisoned (-1 -> -12), under a protective aura
A: large, rugged brown scales 3, deformed body, armoured tail, roll, long
tongue, awkward tongue
a: Renounce Religion, Shatter the Chains


You were on level 5 of the Dungeon.
You worshipped Ashenzari.
Ashenzari was noncommittal.
You visited 2 branches of the dungeon, and saw 6 of its levels.

You collected 228 gold pieces.

Inventory:

Hand Weapons
 a - a +0 war axe
 b - a +0 falchion of freezing
 d - a +2 scythe of protection (weapon)
 t - a +4 whip
Armour
 c - a +0 buckler
 k - the cursed +2 helmet "Overhang to Understand" (worn) {Comp, Melee}
   (You found it on level 1 of the Dungeon)

   It has a curse which improves the following skills: Companions: Summonings
   and Necromancy.
   Melee Combat: Short Blades, Long Blades, Axes, Maces & Flails, Polearms,
   Staves and Unarmed Combat.
 y - a +0 chain mail (worn)
Wands
 m - a wand of flame (18)
Scrolls
 e - 2 scrolls of poison
 f - 5 scrolls of teleportation
 i - 2 scrolls of magic mapping
 j - a scroll of butterflies {unknown}
 l - a scroll of blinking {unknown}
 r - a scroll of fog
Potions
 g - 2 potions of attraction {unknown}
 h - 2 potions of haste {unknown}
 o - 3 potions of curing
 p - a potion of ambrosia {unknown}
 q - a potion of berserk rage {unknown}
 s - a potion of lignification {unknown}
 z - 2 potions of cancellation {unknown}


   Skills:
 + Level 3.9 Fighting
 + Level 3.8(4.5) Axes
 + Level 0.7(2.8) Maces & Flails
 + Level 2.2(3.6) Polearms
 + Level 5.8 Armour
 + Level 1.4 Dodging
 + Level 0.6 Stealth
 + Level 4.2 Shields


You had 6 spell levels left.
You didn't know any spells.
Your spell library contained the following spells:

 Spells                   Type           Power      Damage    Failure   Level
 Magic Dart               Conj           0%         1d3       96%         1
 Call Imp                 Summ           0%         N/A       99%         2
 Mephitic Cloud           Conj/Pois/Air  0%         N/A       100%        3


Dungeon Overview and Level Annotations

Branches:
Dungeon (5/15)             Temple (1/1) D:4

Altars:
Ashenzari
Cheibriados
Dithmenos
Elyvilon
Gozag
Hepliaklqana
Kikubaaqudgha
Nemelex Xobeh
Okawaru
Sif Muna
Vehumet
Xom
Yredelemnul
Zin
The Shining One

Shops:
D:3 [


Innate Abilities, Weirdness & Mutations

You are completely covered in rugged brown scales. (AC +3, +7% HP)
Armour fits poorly on your strangely shaped body.
You have a long armoured tail.
You roll when moving toward enemies. (Rampage)
Your long tongue fully drains potion bottles. (2x potion effects)
Your tongue gives you trouble enunciating. (1.5x scroll delay)


Message History

You barely miss the scorpion.
The scorpion is moderately wounded.
The scorpion stings you but does no damage. x2
You closely miss the scorpion.
The scorpion is moderately wounded.
The scorpion stings you but does no damage.
You puncture the scorpion!
Your weapon exudes an aura of protection.
The scorpion is severely wounded.
The scorpion stings you.
You are poisoned.
The scorpion poisons you!
The scorpion stings you but does no damage.
You completely miss the scorpion.
The scorpion is severely wounded.
You feel very sick. The scorpion stings you.
You are more poisoned.
The scorpion poisons you!
The scorpion stings you but does no damage.
You closely miss the scorpion.
The scorpion is severely wounded.
You feel very sick.
The scorpion stings you but does no damage.
You hit the scorpion.
Your weapon exudes an aura of protection.
The scorpion is almost dead.
You feel very sick. The scorpion barely misses you. The scorpion stings you.
* * * LOW HITPOINT WARNING * * *
You are more poisoned.
The scorpion poisons you!
You closely miss the scorpion.
The scorpion is almost dead.
* * * LOW HITPOINT WARNING * * *
You feel very sick. The scorpion barely misses you.
You slash the scorpion!
You kill the scorpion!
You die...

.# .# .# #
>. .# .##.#
... ##.# #
#<.#..#
#@....#
#....)....##
#.##.##.###
#. .# # .#
.# .# .#


There were no monsters in sight!

Vanquished Creatures
  Sigmund (D:3)
  2 black bears (D:4)
  An ogre (D:5)
  A scorpion (D:5)
  An orc priest (D:4)
  2 orc wizards
  4 gnolls (D:2)
  5 adders
  5 dart slugs
  9 orcs
  5 endoplasms
  5 giant cockroaches
  9 goblins
  13 hobgoblins
  5 jackals
  5 kobolds
  2 quokkas
  16 ball pythons
  8 bats
  3 frilled lizards
  6 rats
108 creatures vanquished.

Notes
Turn   | Place    | Note
-------+----------+-------------------------------------------
     0 | D:1      | Sabo the Armataur Fighter began the quest for the Orb.
     0 | D:1      | Reached XP level 1. HP: 19/19 MP: 1/1
   161 | D:1      | Reached XP level 2. HP: 26/26 MP: 2/2
   554 | D:1      | Reached skill level 4 in Armour
   916 | D:1      | Reached XP level 3. HP: 33/33 MP: 3/3
  1246 | D:2      | Reached XP level 4. HP: 18/40 MP: 4/4
  1934 | D:2      | Reached XP level 5. HP: 48/48 MP: 5/5
  2492 | D:3      | Found Datyoxte's Armour Shop.
  2548 | D:3      | Noticed Sigmund
  2566 | D:3      | Killed Sigmund
  2567 | D:3      | Reached skill level 5 in Armour
  2567 | D:3      | Reached skill level 1 in Dodging
  2567 | D:3      | Reached XP level 6. HP: 17/54 MP: 6/6
  2705 | D:3      | Found a glowing silver altar of Zin.
  3496 | D:4      | Found a staircase to the Ecumenical Temple.
  3502 | Temple   | Entered the Ecumenical Temple
  3669 | Temple   | Became a worshipper of Ashenzari the Shackled
  3900 | D:4      | Reached skill level 1 in Polearms
  3907 | D:4      | Reached XP level 7. HP: 34/62 MP: 7/7
  4927 | D:5      | Entered Level 5 of the Dungeon
  4943 | D:5      | HP: 1/62 [poisoned by a scorpion]
  4944 | D:5      | Succumbed to a scorpion's poison

Illustrated notes

Levels and vault maps discovered:
D:1:      sevenhm_arrival_forest_fort_large_4, layout_basic
D:2:      layout_loops_ring, minmay_tromino_v4_a
D:3:      layout_basic, zin_academy, serial_shops, nicolae_shop_waterfront,
          uniq_sigmund
D:4:      layout_gridville, minmay_temple_entry_hall
D:5:      kb_forest_paths, layout_basic, amcnicky_altar_gilded,
          mainiacjoe_overflow_catch_the_wave, enter_ossuary_4
Temple:   eino_temple_water

Skill      XL: |  1  2  3  4  5  6  7 |
---------------+----------------------+-----
Fighting       | 3 |  3.9
Armour         | 4 5 |  5.8
Axes           | 2 3 |  3.8
Dodging        | 1 |  1.4
Shields        | 4 |  4.2
Polearms       | 1 2 |  2.2
Maces & Flails | |  0.7
Stealth        | |  0.6

Action                   |  1- 3 |  4- 6 |  7- 9 || total
-------------------------+-------+-------+-------++-------
Melee: War axe           |    75 |    65 |     9 ||   149
       Tailslap          |     8 |    16 |     2 ||    26
       Whip              |       |    48 |       ||    48
       Halberd           |       |    26 |    29 ||    55
       Punch             |       |     1 |       ||     1
Invok: Curse Item        |       |       |     1 ||     1
  Use: Scroll            |     2 |     1 |     7 ||    10
       Potion            |       |     2 |       ||     2
Armor: Scale mail        |    42 |    89 |       ||   131
       Chain mail        |       |    14 |    44 ||    58
Dodge: Dodged            |    35 |    58 |    18 ||   111
Block: Buckler           |    16 |    19 |       ||    35

Table legend: (Time is in decaauts)
 A = Elapsed time spent in this place.
 B = Non-inter-level travel time spent in this place.
 C = Inter-level travel time spent in this place.
 D = Time resting spent in this place.
 E = Time spent auto-exploring this place.
 F = Levels seen in this place.
 G = Mean time per level.
                   A        B        C        D        E       F      G
               +--------+--------+--------+--------+--------+-----+--------+
         Total |   5027 |   5027 |      0 |    770 |      0 |   6 |  837.8 |
       Dungeon |   4830 |   4830 |      0 |    770 |      0 |   5 |  966.0 |
        Temple |    196 |    196 |      0 |      0 |      0 |   1 |  196.0 |
               +--------+--------+--------+--------+--------+-----+--------+

Top non-repeatable levels by time:
     D:4: 1489 daAuts
     D:1: 1212 daAuts
     D:3: 1141 daAuts
     D:2: 965 daAuts
  Temple: 196 daAuts
     D:5: 21 daAuts
